 Dungeon Crawl Stone Soup version 0.29.0-4-gdea44cf6ec (webtiles) character file.

Game seed: 11989016081942616246

2 qw the Sneak (level 1, 0/14 HPs)
             Began as a Gargoyle Delver on Sept 10, 2022.
             Slain by Duvessa
             ... wielding a +0 short sword
              (8 damage)
             ... on level 5 of the Dungeon.
             The game lasted 00:00:02 (34 turns).

qw the Sneak (Gargoyle Delver)                        Turns: 34, Time: 00:00:03

Health: 0/14       AC:  5    Str: 15    XL:     1   Next: 30%
Magic:  1/1        EV: 11    Int: 10    God:
Gold:   13         SH:  0    Dex: 11    Spells: 0/0 levels left

rFire   . . .      SeeInvis .   a - +0 hand axe
rCold   . . .      Faith    .   (no shield)
rNeg    + . .      Spirit   .   b - +0 leather armour
rPois   inf        Reflect  .   (no helmet)
rElec   +          Harm     .   (no cloak)
rCorr   .          Rampage  .   (no gloves)
Will    .....                   (no boots)
Stlth   +++.......              (no amulet)
HPRegen 0.04/turn               (no ring)
MPRegen 0.07/turn               (no ring)

@: no status effects
A: sickness immunity, AC +2, negative energy resistance 1, electricity
resistance, torment resistance 1, petrification resistance
a: no special abilities


You were on level 5 of the Dungeon.
You visited 1 branch of the dungeon, and saw 1 of its levels.

You collected 13 gold pieces.


Innate Abilities, Weirdness & Mutations

You are immune to sickness and miasma.
Your stone body is resilient. (AC +2)
You are immune to poison.
You resist negative energy. (rN+)
You are resistant to electric shocks. (rElec)
You are resistant to unholy torment.
You are immune to petrification.


   Skills:
 - Level 3.2 Fighting
 + Level 2.0 Axes
 - Level 1.5 Dodging
 - Level 5.4 Stealth


You couldn't memorise any spells.
You didn't know any spells.
Your spell library was empty.

Inventory:

Hand Weapons
 a - a +0 hand axe (weapon)
Armour
 b - a +0 leather armour (worn)
Wands
 g - a wand of digging (3)
Scrolls
 c - a scroll of fog
 d - a scroll of magic mapping
 e - a scroll of fear
Potions
 f - a potion of haste

Dungeon Overview and Level Annotations

Branches:
Dungeon (5/15)
 Temple: D:4-7

Altars:

Annotations:
D:5 Dowan, Duvessa


Message History

The orc barely misses you. x2
Dowan shouts!
You hit the orc but do no damage.
The orc is heavily wounded.
The orc barely misses you.
Dowan mumbles some strange words.
Dowan blinks!
You hit the orc but do no damage.
The orc is heavily wounded.
The orc hits you with a +0 whip.
You hit the orc.
The orc is severely wounded.
Something unseen opens the door.
The orc barely misses you.
You closely miss the orc.
The orc is severely wounded.
Duvessa, Sister of Dowan comes into view.
She is wielding a +0 short sword.
The orc barely misses you.
You hit the orc but do no damage.
The orc is severely wounded.
The orc closely misses you. x2
An orc comes into view. It is wielding a +0 dagger of speed.
Dowan casts a spell at you. The puff of flame misses you.
You hit the orc but do no damage.
The orc is severely wounded.
The orc misses you.
You hit the orc.
The orc is almost dead.
The orc misses you.
Dowan points at Duvessa and mumbles some strange words.
Duvessa seems to speed up.
You hit the orc.
You kill the orc!
You hit Duvessa but do no damage. Duvessa hits you but does no damage.
Duvessa hits you with a +0 short sword.
Your Axes skill increases to level 2!
You barely miss Duvessa. Duvessa hits you but does no damage.
Duvessa hits you with a +0 short sword!
Ouch! That really hurt!
You die...

.. .# ...
####'##...
#.........
#.........
#..eo.....
#e.......
#@)..# #....#
#....#
########....##
.............#
.............#
.............#
.............#
#.....##...###


You could see Duvessa (fast), Dowan and an orc.

Vanquished Creatures
  An orc (D:5)
1 creature vanquished.

Notes
Turn   | Place    | Note
-------+----------+-------------------------------------------
     0 | D:5      | qw the Gargoyle Delver began the quest for the Orb.
     0 | D:5      | Reached XP level 1. HP: 14/14 MP: 1/1
     0 | D:5      | 0 ||| qw: Version: 0.1-a-117-gfe26ee0
     0 | D:5      | 0 ||| qw: Game counter: 9658
     0 | D:5      | 0 ||| qw: Always use a shield: true
     0 | D:5      | 0 ||| qw: God list: Okawaru
     0 | D:5      | 0 ||| qw: Allow faded altars: false
     0 | D:5      | 0 ||| qw: Do Orc after D:15 true
     0 | D:5      | 0 ||| qw: Do second Lair branch before Depths: true
     0 | D:5      | 0 ||| qw: Lair rune preference: random
     0 | D:5      | 0 ||| qw: Plans: Normal
     0 | D:5      | 0 ||| PLANNING D:1-11
    22 | D:5      | Noticed Dowan
    23 | D:5      | 23 ||| Stepping ~*~*~tactically~*~*~ (stealth).
    29 | D:5      | Noticed Duvessa
    34 | D:5      | Slain by Duvessa

Levels and vault maps discovered:
D:5:      layout_gridville, minmay_temple_entry_ruins, serial_shops,
          nicolae_shop_trees, uniq_duvessa

Skill      XL: |  1 |
---------------+----+-----
Axes           | 2 |  2.0
Fighting       | |  3.2
Dodging        | |  1.5
Stealth        | |  5.4

Action                   || total
-------------------------++-------
Melee: Hand axe          ||    13
Armor: Leather armour    ||     3
Dodge: Dodged            ||    12

Table legend:
 A = Non-vault XP
 B = Vault XP
 C = Vault XP percentage of total XP
 D = Non-vault monster count
 E = Vault monster count
 F = Vault count percentage of total count
                 A         B        C        D         E       F
            +---------+---------+-------+---------+---------+-------
      Total |       3 |       0 |   0.0 |       1 |       0 |   0.0
            +---------+---------+-------+---------+---------+-------
        D:5 |       3 |       0 |   0.0 |       1 |       0 |   0.0
            +---------+---------+-------+---------+---------+-------
